 Dungeon Crawl Stone Soup version 0.28-b1-70-g80dc712255 (webtiles) character file.

Game seed: 1982136822122793979

0 adizb the Caller (level 1, -2/10 HPs)
             Began as a Tengu Summoner on Feb 4, 2022.
             Slain by a hobgoblin (4 damage)
             ... on level 1 of the Dungeon.
             The game lasted 00:01:11 (24 turns).

adizb the Caller (Tengu Summoner)                     Turns: 24, Time: 00:01:12

Health: -2/10      AC:  2    Str:  8    XL:     1   Next: 10%
Magic:  3/4        EV: 12    Int: 15    God:
Gold:   0          SH:  0    Dex: 14    Spells: 3/4 levels left

rFire   . . .      SeeInvis .   (no weapon)
rCold   . . .      Faith    .   (no shield)
rNeg    . . .      Spirit   .   a - +0 robe
rPois   .          Reflect  .   (helmet restricted)
rElec   .          Harm     .   (no cloak)
rCorr   .          Rampage  .   (no gloves)
Will    .....                   (boots unavailable)
Stlth   ++........              (no amulet)
HPRegen 0.03/turn               (no ring)
MPRegen 0.09/turn               (no ring)

@: no status effects
A: beak, talons 3
a: no special abilities


You were on level 1 of the Dungeon.
You visited 1 branch of the dungeon, and saw 1 of its levels.

Inventory:

Armour
 a - a +0 robe (worn)


   Skills:
 + Level 0.0 Armour
 + Level 2.2 Dodging
 + Level 2.0 Stealth
 + Level 0.0 Unarmed Combat
 + Level 2.0 Spellcasting
 * Level 4.8 Summonings
 + Level 0.0 Air Magic


You had 3 spell levels left.
You knew the following spells:

 Your Spells              Type           Power      Damage    Failure   Level
a - Summon Small Mammal   Summ           64%        N/A       3%          1

Your spell library contained the following spells:

 Spells                   Type           Power      Damage    Failure   Level
 Call Imp                 Summ           16%        N/A       4%          2
 Call Canine Familiar     Summ           16%        N/A       9%          3
 Summon Guardian Golem    Hex/Summ       8%         N/A       24%         3
 Summon Lightning Spire   Summ/Air       8%         N/A       63%         4


Dungeon Overview and Level Annotations

Branches:
Dungeon (1/15)

Altars:


Innate Abilities, Weirdness & Mutations

You have a beak for a mouth.
You have claws for feet.


Message History

The hobgoblin hits your quokka.
You miss the bat. The bat barely misses you.
Your bat hits the hobgoblin. The bat completely misses your quokka.
Your bat barely misses the bat.
The bat closely misses your bat.
Your bat closely misses the bat.
Your quokka barely misses the hobgoblin.
The hobgoblin misses your quokka.
You closely miss the bat. The bat hits you.
Your bat closely misses the hobgoblin.
Your bat barely misses the bat.
Your quokka completely misses the hobgoblin.
The hobgoblin closely misses your quokka.
You swap places.
Your bat completely misses the bat.
The bat hits you but does no damage. x2; The goblin closely misses you.
Your quokka misses the hobgoblin. The hobgoblin hits you.
Ouch! That really hurt!
You are too injured to fight recklessly!
Your bat barely misses the bat.
Your quokka bites the hobgoblin.
The bat closely misses you.
There is a large open door here.
You hit the bat. Your kick misses the bat.
The bat is severely wounded.
The bat closely misses you.
Your bat hits the hobgoblin but does no damage.
The bat hits your quokka but does no damage.
Your bat hits the hobgoblin but does no damage.
Your quokka closely misses the bat.
The goblin completely misses you. The bat closely misses your quokka.
Your bat hits the hobgoblin. The hobgoblin hits your bat.
Your bat dies!
Your bat's corpse disappears in a puff of smoke!
The hobgoblin shouts!
You hit the bat.
You kill the bat!
The goblin closely misses you.
You barely miss the hobgoblin.
The hobgoblin is almost dead.
Your quokka barely misses the hobgoblin.
The goblin hits you with a +0 dagger.
* * * LOW HITPOINT WARNING * * *
The hobgoblin hits you.
You die...

###########
÷#8#÷#8#÷###
+#.#+#.#+#8##### .
...........'g..#....
...........@g.....>#
+#.#+#.#'#8#r....###
÷#8#÷#8#<###...#.#
##########....# #
...... .....#..
#........ .........


You could see a hobgoblin (ally target), a goblin and a friendly quokka
(summoned).

Vanquished Creatures
  A bat (D:1)
1 creature vanquished.

Notes
Turn   | Place    | Note
-------+----------+-------------------------------------------
     0 | D:1      | adizb the Tengu Summoner began the quest for the Orb.
     0 | D:1      | Reached XP level 1. HP: 10/10 MP: 4/4
    24 | D:1      | Slain by a hobgoblin

Illustrated notes

Levels and vault maps discovered:
D:1:      wander_arrival_abandoned_jail, layout_rooms,
          hellmonk_ecumenical_altar_arch_garden

Action                   || total
-------------------------++-------
Melee: Unarmed           ||     5
 Cast: Summon Small Mamm ||     2
Armor: Robe              ||     2
Dodge: Dodged            ||     6
